12 | 0:00 | Probe | |
13 | 0:12 | Probe | |
14 | 0:19 | Pylon | |
14 | 0:24 | Probe | |
15 | 0:37 | Probe (Chrono Boost) | |
15 | 0:41 | Gateway | |
16 | 0:49 | Probe (Chrono Boost) | |
17 | 0:50 | Assimilator | |
17 | 0:54 | Probe (Chrono Boost) | |
18 | 1:03 | Probe | |
19 | 1:15 | Probe | |
20 | 1:27 | Cybernetics Core | |
20 | 1:36 | Nexus | |
20 | 1:43 | Pylon | |
20 | 1:48 | Assimilator | |
20 | 1:51 | Probe | |
21 | 2:02 | Adept (Chrono Boost) | |
21 | 2:03 | Probe | |
24 | 2:15 | Probe | |
24 | 2:22 | Adept (Chrono Boost) | |
25 | 2:27 | Probe | |
28 | 2:30 | Stargate | |
28 | 2:41 | Probe (Chrono Boost) | |
29 | 2:44 | Adept | |
29 | 2:48 | Warp Gate | |
29 | 2:49 | Probe (Chrono Boost) | |
32 | 2:58 | Gateway, Probe x2 (Chrono Boost) | |
34 | 3:03 | Probe (Chrono Boost) | |
34 | 3:04 | Probe | |
36 | 3:11 | Oracle (Chrono Boost) | |
36 | 3:15 | Probe | |
40 | 3:25 | Probe | |
41 | 3:27 | Probe | |
41 | 3:28 | Adept, Pylon | |
44 | 3:39 | Probe | |
44 | 3:41 | Pylon | |
45 | 3:46 | Oracle (Chrono Boost) | |
48 | 3:51 | Probe | |
49 | 4:04 | Probe x2 | |
49 | 4:05 | Gateway | |
49 | 4:07 | Assimilator x2 | |
47 | 4:13 | Void Ray (Chrono Boost) | |
47 | 4:16 | Probe x2 | |
53 | 4:28 | Probe | |
53 | 4:29 | Probe | |
55 | 4:40 | Pylon | |
55 | 4:41 | Adept, Probe x2 | |
55 | 4:42 | Adept | |
55 | 4:43 | Pylon | |
61 | 4:53 | Probe | |
61 | 4:55 | Oracle (Chrono Boost) | |
61 | 4:58 | Probe | |
66 | 5:02 | Adept x3 | |
66 | 5:05 | Probe | |
73 | 5:10 | Probe | |
74 | 5:16 | Pylon | |
74 | 5:17 | Probe | |
75 | 5:21 | Nexus | |
75 | 5:22 | Probe | |
75 | 5:28 | Pylon | |
76 | 5:31 | Probe | |
76 | 5:34 | Oracle (Chrono Boost) | |
76 | 5:44 | Probe | |
76 | 5:46 | Probe | |
76 | 5:47 | Robotics Facility | |
76 | 5:48 | Robotics Facility | |
70 | 5:57 | Probe | |
71 | 6:04 | Probe | |
71 | 6:07 | Shield Battery | |
71 | 6:09 | Probe, Stargate | |
71 | 6:11 | Pylon | |
76 | 6:12 | Phoenix (Chrono Boost), Forge | |
76 | 6:17 | Adept, Assimilator, Probe, Shield Battery | |
78 | 6:21 | Probe | |
78 | 6:22 | Assimilator | |
78 | 6:23 | Pylon | |
79 | 6:29 | Probe | |
79 | 6:31 | Phoenix (Chrono Boost) | |
82 | 6:33 | Probe | |
82 | 6:36 | Observer | |
85 | 6:40 | Probe, Stargate | |
85 | 6:41 | Probe | |
85 | 6:43 | Protoss Air Weapons Level 1 (Chrono Boost) | |
85 | 6:45 | Probe | |
86 | 6:48 | Shield Battery | |
86 | 6:52 | Phoenix (Chrono Boost), Probe | |
86 | 6:53 | Probe | |
92 | 6:54 | Phoenix (Chrono Boost) | |
92 | 7:06 | Probe x3 | |
92 | 7:08 | Phoenix | |
95 | 7:12 | Phoenix | |
95 | 7:14 | Robotics Bay | |
99 | 7:19 | Pylon | |
99 | 7:22 | Fleet Beacon | |
99 | 7:46 | Photon Cannon | |
99 | 7:48 | Shield Battery | |
99 | 7:51 | Photon Cannon | |
99 | 7:53 | Photon Cannon, Pylon | |
99 | 7:55 | Void Ray x2 (Chrono Boost) | |
99 | 7:57 | Disruptor x2 (Chrono Boost) | |
107 | 8:01 | Nexus | |
107 | 8:03 | Pylon | |
113 | 8:11 | Probe x2 | |
114 | 8:13 | Zealot x3 | |
120 | 8:25 | Void Ray x3 | |
118 | 8:30 | Probe x2 | |
118 | 8:31 | Probe | |
133 | 8:37 | Flux Vanes | |
133 | 8:48 | Pylon | |
133 | 8:49 | Pylon | |
133 | 8:51 | Pylon x3 | |
133 | 8:54 | Assimilator | |
133 | 8:56 | Assimilator | |
133 | 9:06 | Probe x3 | |
135 | 9:10 | Carrier x2 (Chrono Boost) | |
135 | 9:13 | Probe | |
148 | 9:18 | Probe x3 | |
148 | 9:24 | Shield Battery | |
151 | 9:25 | Probe | |
151 | 9:30 | Probe | |
153 | 9:35 | Carrier (Chrono Boost) | |
153 | 9:38 | Probe x2 | |
161 | 9:42 | Photon Cannon x2 | |
161 | 9:44 | Anion Pulse-Crystals (Chrono Boost) | |
161 | 9:45 | Shield Battery | |
161 | 9:49 | Protoss Air Weapons Level 2 | |
161 | 10:01 | Gateway | |
161 | 10:02 | Gateway | |
167 | 10:08 | Carrier (Chrono Boost) | |
167 | 10:09 | Gateway | |
173 | 10:15 | Protoss Ground Weapons Level 1 (Chrono Boost) | |
173 | 10:18 | Carrier (Chrono Boost) | |
173 | 10:21 | Photon Cannon | |
173 | 10:22 | Pylon | |
177 | 10:34 | Carrier (Chrono Boost) | |
177 | 10:44 | Nexus | |
177 | 10:45 | Mothership (Chrono Boost) | |
177 | 10:46 | Pylon | |
185 | 10:54 | Zealot x2 | |
185 | 10:55 | Zealot | |
189 | 10:59 | Zealot | |
185 | 11:10 | Carrier | |
191 | 11:17 | Carrier | |
196 | 11:27 | Pylon | |
196 | 11:31 | Probe x3, Pylon | |
194 | 11:33 | Photon Cannon | |
194 | 11:34 | Pylon | |
194 | 11:36 | Shield Battery | |
194 | 11:37 | Photon Cannon | |
194 | 11:38 | Pylon, Shield Battery | |
193 | 11:42 | Twilight Council | |
193 | 11:43 | Observer, Probe x2, Unknown | |
193 | 11:45 | Observer | |
197 | 11:49 | Photon Cannon | |
197 | 11:52 | Shield Battery | |
197 | 11:53 | Photon Cannon | |
200 | 12:12 | Probe x3 (Chrono Boost) | |
200 | 12:15 | Charge | |
200 | 12:16 | Protoss Ground Weapons Level 2 (Chrono Boost) | |
200 | 12:22 | Templar Archives | |
200 | 12:25 | Cybernetics Core | |
200 | 12:27 | Stargate | |
200 | 12:30 | Stargate, Pylon | |
200 | 12:32 | Protoss Air Weapons Level 3 (Chrono Boost), Stargate | |
191 | 13:01 | Gateway, Gravitic Drive (Chrono Boost) | |
191 | 13:03 | Gateway | |
191 | 13:06 | Gateway | |
191 | 13:10 | Protoss Air Armor Level 1 (Chrono Boost) | |
189 | 13:18 | Gateway | |
187 | 13:21 | Gateway | |
187 | 13:25 | Nexus | |
187 | 13:26 | Pylon | |
187 | 13:27 | Immortal x2 | |
187 | 13:28 | Pylon | |
195 | 13:35 | Psionic Storm, Nexus | |
195 | 13:36 | Zealot x2 | |
195 | 13:38 | Pylon | |
195 | 13:40 | Pylon | |
199 | 13:43 | Assimilator | |
199 | 13:48 | Assimilator | |
199 | 13:51 | Gravitic Boosters (Chrono Boost) | |
195 | 13:57 | Unknown | |
195 | 13:58 | Assimilator | |
195 | 14:00 | Assimilator | |
191 | 14:08 | High Templar x2 | |
187 | 14:10 | High Templar x4 | |
195 | 14:23 | Pylon | |
195 | 14:24 | Pylon | |
195 | 14:27 | Shield Battery | |
195 | 14:29 | Shield Battery | |
195 | 14:31 | Shield Battery | |
195 | 14:32 | Archon | |
195 | 14:33 | Forge | |
195 | 14:34 | Photon Cannon | |
195 | 14:35 | Photon Cannon, Blink | |
195 | 14:38 | Photon Cannon | |
195 | 14:39 | Photon Cannon, Gateway | |
195 | 14:41 | Photon Cannon, Gateway | |
195 | 14:43 | Photon Cannon, Stargate | |
195 | 14:45 | Pylon | |
195 | 14:47 | Photon Cannon | |
195 | 14:48 | High Templar x2 | |
195 | 14:49 | Photon Cannon | |
195 | 14:51 | Photon Cannon | |
199 | 14:53 | Shield Battery | |
199 | 14:54 | Photon Cannon | |
199 | 14:55 | Pylon | |
199 | 14:56 | Photon Cannon | |
199 | 14:58 | Pylon, Shield Battery | |
198 | 15:05 | Pylon | |
198 | 15:07 | Photon Cannon | |
198 | 15:11 | Photon Cannon | |
198 | 15:14 | Shield Battery x2 | |
198 | 15:16 | Shield Battery | |
198 | 15:18 | Shield Battery | |
198 | 15:20 | Shield Battery | |
198 | 15:21 | Shield Battery | |
184 | 15:29 | Tempest x2 | |
184 | 15:33 | Tempest | |
194 | 15:45 | Shield Battery | |
194 | 15:47 | Protoss Ground Weapons Level 3 (Chrono Boost), Shield Battery | |
194 | 15:48 | Protoss Shields Level 1 (Chrono Boost), Photon Cannon | |
194 | 15:50 | Photon Cannon | |
194 | 16:04 | High Templar x2 | |
194 | 16:06 | High Templar | |
200 | 16:12 | Shield Battery | |
200 | 16:13 | Shield Battery | |
199 | 16:34 | Probe (Chrono Boost) | |
200 | 17:02 | Shield Battery | |
200 | 17:04 | Shield Battery | |
200 | 17:07 | Shield Battery | |
200 | 17:09 | Photon Cannon | |
200 | 17:10 | Pylon | |
200 | 17:18 | Shield Battery | |
200 | 17:23 | Photon Cannon | |
200 | 17:25 | Photon Cannon | |
200 | 17:27 | Photon Cannon | |
200 | 17:28 | Shield Battery | |
200 | 17:32 | Pylon | |
200 | 17:52 | Shield Battery x2 | |
200 | 17:54 | Shield Battery | |
200 | 17:57 | Photon Cannon x2 | |
195 | 18:24 | High Templar x4 | |
196 | 18:29 | Archon | |
196 | 18:32 | High Templar | |
198 | 18:39 | Void Ray x6 | |
182 | 18:42 | Archon x2 | |
182 | 18:47 | Void Ray | |
178 | 19:03 | Protoss Shields Level 2 (Chrono Boost) | |
178 | 19:08 | Zealot x4 | |
178 | 19:09 | Zealot x5 | |
162 | 19:25 | Protoss Air Armor Level 2 (Chrono Boost) | |
162 | 19:26 | Void Ray x2 (Chrono Boost) | |
162 | 19:27 | Void Ray x2 (Chrono Boost) | |
162 | 19:29 | Archon | |
134 | 19:33 | Stalker x3, Void Ray (Chrono Boost) | |
134 | 19:34 | Stalker x4, Void Ray (Chrono Boost) | |
134 | 19:35 | Stalker x3 | |
172 | 19:54 | Mothership (Chrono Boost) | |
180 | 20:00 | Tempest (Chrono Boost) | |
180 | 20:04 | Tempest x4 (Chrono Boost) | |
200 | 20:21 | Protoss Ground Armor Level 1 (Chrono Boost) | |
200 | 20:43 | Observer (Chrono Boost) | |
200 | 20:51 | Shield Battery | |
200 | 20:53 | Shield Battery | |
200 | 20:55 | Shield Battery | |
200 | 20:57 | Pylon | |
200 | 21:01 | Pylon | |
187 | 21:37 | Void Ray x2 (Chrono Boost) | |
196 | 21:46 | Stalker x3 | |
194 | 21:47 | Stalker x2 | |
194 | 21:53 | Stalker x3 | |
200 | 22:04 | Carrier (Chrono Boost) | |
200 | 22:05 | Carrier x2 (Chrono Boost) | |
196 | 22:21 | Protoss Air Armor Level 3 (Chrono Boost) | |
192 | 22:31 | Carrier | |
192 | 22:33 | Robotics Facility | |
192 | 22:55 | High Templar x3 | |
192 | 22:56 | High Templar | |
200 | 23:07 | Archon | |
200 | 23:09 | Protoss Shields Level 3 (Chrono Boost), Protoss Ground Armor Level 2 (Chrono Boost) | |
199 | 23:37 | Observer (Chrono Boost) | |
199 | 23:43 | Archon | |
181 | 24:01 | Zealot x2 | |
185 | 24:06 | Stargate | |
185 | 24:14 | High Templar x2 | |
189 | 24:18 | Assimilator | |
189 | 24:19 | High Templar x3 | |
189 | 24:20 | High Templar | |
189 | 24:22 | Assimilator | |
197 | 24:25 | Stargate | |
197 | 24:26 | Pylon | |
197 | 24:29 | Stargate, Pylon | |
197 | 24:32 | Observer, Shield Battery | |
197 | 24:34 | Shield Battery | |
197 | 24:36 | Shield Battery | |
198 | 24:50 | High Templar | |
194 | 25:00 | Shield Battery | |
194 | 25:01 | Shield Battery | |
194 | 25:03 | Shield Battery | |
194 | 25:08 | Archon | |
184 | 25:15 | Immortal (Chrono Boost) | |
170 | 25:38 | Stalker x3 | |
170 | 25:39 | Stalker, Zealot | |
170 | 25:40 | Zealot x3 | |
186 | 25:42 | Oracle | |
186 | 25:43 | Oracle x2 | |
185 | 25:59 | Zealot | |
185 | 26:01 | Zealot x2 | |
185 | 26:02 | Zealot x4 | |
185 | 26:03 | Pylon | |
191 | 26:10 | Void Ray | |
174 | 26:16 | Pylon | |
174 | 26:23 | Zealot | |
174 | 26:24 | Zealot x4 | |
170 | 26:37 | Void Ray (Chrono Boost) | |
170 | 26:38 | Void Ray (Chrono Boost) | |
159 | 26:43 | Void Ray (Chrono Boost) | |
163 | 26:55 | Zealot x5 | |
163 | 26:59 | Void Ray x2 (Chrono Boost) | |
179 | 27:09 | Void Ray (Chrono Boost) | |
179 | 27:11 | Void Ray (Chrono Boost) | |
177 | 27:15 | Zealot x5 | |
177 | 27:18 | Probe | |
190 | 27:43 | Zealot x5 | |
200 | 27:45 | Pylon | |
200 | 27:47 | Pylon | |
200 | 27:48 | Photon Cannon | |
198 | 28:04 | Stalker x2 | |
198 | 28:05 | Stalker x2 | |
194 | 28:17 | Carrier | |
200 | 28:39 | Nexus | |
200 | 28:41 | Pylon | |
199 | 28:55 | Pylon x2 | |
199 | 28:57 | Assimilator | |
199 | 28:59 | Pylon | |
199 | 29:02 | Nexus | |
199 | 29:05 | Pylon | |
199 | 29:08 | Assimilator | |
199 | 29:37 | Gateway | |
198 | 29:40 | Gateway | |
198 | 29:42 | Gateway | |
198 | 29:43 | Shield Battery | |
198 | 29:44 | Gateway | |
198 | 29:45 | Shield Battery | |
198 | 29:46 | Shield Battery | |
198 | 29:47 | Shield Battery | |
198 | 29:49 | Shield Battery | |
198 | 29:51 | Shield Battery | |
198 | 29:53 | Shield Battery | |
198 | 29:55 | Shield Battery | |
198 | 29:58 | Photon Cannon | |
198 | 29:59 | Photon Cannon | |
188 | 30:02 | Shield Battery | |
188 | 30:15 | Fleet Beacon | |
188 | 30:20 | Photon Cannon, Stargate | |
188 | 30:21 | Stargate | |
188 | 30:24 | Stargate | |
188 | 30:33 | Robotics Facility | |
188 | 30:43 | Pylon | |
170 | 31:19 | Zealot x7 | |
170 | 31:20 | Zealot | |
170 | 31:23 | Carrier | |
170 | 31:24 | Carrier | |
192 | 31:41 | Mothership (Chrono Boost) | |
192 | 31:47 | Observer | |
200 | 32:05 | Zealot x5 | |
193 | 32:48 | Oracle (Chrono Boost) | |
193 | 32:51 | Carrier (Chrono Boost) | |
196 | 32:56 | Oracle (Chrono Boost) | |
196 | 32:57 | Shield Battery | |
196 | 32:58 | Shield Battery | |
200 | 33:01 | Pylon | |
200 | 33:04 | Pylon | |
198 | 33:33 | Shield Battery | |
194 | 33:35 | High Templar x2, Shield Battery | |
194 | 33:36 | Shield Battery | |
194 | 33:37 | Shield Battery | |
194 | 33:38 | High Templar | |
200 | 33:41 | Shield Battery | |
200 | 33:43 | Photon Cannon, Archon, Pylon | |
200 | 33:47 | Pylon | |
200 | 33:49 | Pylon | |
200 | 33:53 | Pylon | |
162 | 34:14 | Void Ray (Chrono Boost) | |
147 | 34:19 | Void Ray x4 (Chrono Boost) | |
147 | 34:20 | Void Ray (Chrono Boost) | |
151 | 34:35 | Void Ray x2 (Chrono Boost) | |
137 | 34:42 | Stalker x7 | |
151 | 34:46 | Mothership (Chrono Boost) | |
151 | 34:48 | Observer | |
151 | 34:50 | Void Ray x2 (Chrono Boost) | |
167 | 34:58 | Void Ray (Chrono Boost) | |
195 | 35:31 | Carrier (Chrono Boost) | |
195 | 35:32 | Carrier x3 (Chrono Boost) | |
195 | 36:03 | Observer | |
197 | 36:33 | Carrier (Chrono Boost) | |
197 | 36:37 | Carrier (Chrono Boost) | |
198 | 37:08 | Carrier (Chrono Boost) | |
198 | 37:25 | Void Ray (Chrono Boost) | |
200 | 37:48 | Void Ray (Chrono Boost) | |
200 | 37:49 | Void Ray (Chrono Boost) | |
188 | 37:54 | Void Ray (Chrono Boost) | |
175 | 39:10 | Void Ray x2 | |
178 | 39:39 | Assimilator | |
178 | 39:42 | Assimilator, Pylon | |
177 | 39:56 | Nexus | |
177 | 39:58 | Pylon | |
177 | 40:21 | Cybernetics Core | |
177 | 40:48 | Forge | |
177 | 41:00 | Shield Battery x2 | |
177 | 41:02 | Shield Battery | |
177 | 41:03 | Shield Battery | |
177 | 41:05 | Pylon | |
177 | 41:07 | Shield Battery | |
177 | 41:08 | Shield Battery | |
144 | 42:42 | Observer | |